Description

kylenation

Replay - Newkirk Precinct TE (Void) (12)

Build Order

Get SALT Encoding   

  12  0:01  Probe (Chrono Boost)  
  13  0:11  Probe (Chrono Boost)  
  14  0:18  Pylon  
  14  0:22  Probe (Chrono Boost)  
  15  0:37  Probe (Chrono Boost)  
  15  0:38  Gateway  
  16  0:44  Assimilator  
  16  0:47  Probe (Chrono Boost)  
  17  0:53  Assimilator  
  17  0:58  Probe (Chrono Boost)  
  18  1:10  Gateway  
  18  1:13  Probe (Chrono Boost)  
  19  1:24  Probe (Chrono Boost)  
  20  1:27  Cybernetics Core  
  20  1:34  Probe (Chrono Boost)  
  20  1:38  Pylon  
  21  1:45  Probe (Chrono Boost)  
  22  1:57  Warp Gate  
  22  2:03  Adept x2  
  26  2:11  Twilight Council  
  27  2:30  Adept x2  
  27  2:36  Resonating Glaives  
  31  2:40  Pylon  
  31  2:56  Pylon  
  31  3:20  Adept x2  
  35  3:31  Gateway x2  
  36  3:40  Dark Shrine  
  36  4:18  Pylon  
  36  4:26  Stalker x2  
  40  4:32  Stalker x2  
  44  4:52  Dark Templar x3  
  48  4:58  Zealot  
  52  5:10  Mothership Core (Chrono Boost)  
  54  5:22  Zealot  
  56  5:30  Zealot x2  
  60  5:44  Dark Templar  
Spawning Tool Build Advisor. Get it on Overwolf

Analysis

kylenation

Go to:

Details

  • Created by: ezygame
  • Published on: Feb 28, 2017
  • Modified on: Feb 28, 2017
  • Patch: 3.8.0
Show
View Real Time Build Order
Export as new Build Order

Comments (0)

There are no comments. Be the first!

Create an account to comment!